AoeStats
← urvconele

Fortress

510501151Analyzed
1v1 RM · 2d ago on Oct 1, 2026· 40m 44s· 2 players
Game mode
Random Map
Map size
Small (3 player)
Population
200
Speed
Normal
Resources
Standard
Victory
Conquest
Starting age
Dark Age
Ending age
Imperial Age
RankedLock teamsTeams togetherTeam positionsShared explorationLock speedFull tech treeHidden civsTurbo modeCheats
Victory
Defeat
🇪🇸 Spanish · Spain
879
+19
🇪🇸 Persians · Spain
939
-19
xPuiG
8:13 Feudal Age
9:17 Double-Bit Axe
9:13 Horse Collar
10:25 Gold Mining
10:25 Stone Mining
15:42 Castle Age
15:36 Bloodlines
15:35 Scale Barding Armor
15:41 Forging
18:20 Bow Saw
18:13 Heavy Plow
20:04 Stone Shaft Mining
23:31 Murder Holes
23:57 Ballistics
24:51 Husbandry
28:49 Imperial Age
28:09 Wheelbarrow
29:02 Masonry
30:07 Hand Cart
29:43 Town Watch
31:04 Two-Man Saw
30:28 Chain Barding Armor
32:07 Iron Casting
32:05 Architecture
31:58 Conscription
36:53 Elite Conquistador
urvconele
7:25 Feudal Age
8:58 Loom
11:46 Castle Age
9:57 Double-Bit Axe
12:36 Bow Saw
12:08 Horse Collar
17:06 Wheelbarrow
17:19 Heavy Plow
18:24 Hand Cart
20:03 Elite Skirmisher
22:17 Padded Archer Armor
22:08 Fletching
23:22 Gold Mining
23:23 Stone Mining
28:01 Imperial Age
26:25 Thumb Ring
26:39 Leather Archer Armor
26:20 Bodkin Arrow
27:32 Gold Shaft Mining
27:32 Stone Shaft Mining
28:17 Bloodlines
28:17 Scale Barding Armor
27:44 Heavy Camel Rider
30:20 Chemistry
31:44 Ring Archer Armor
31:35 Chain Barding Armor
33:23 Two-Man Saw
33:34 Crop Rotation
33:54 Ballistics
37:44 Cavalier
38:48 Scale Mail Armor
38:58 Forging
39:00 Pikeman
39:46 Halberdier
Connection lost

Rejoining the realm…

Still unreachable

The connection could not be restored.

Session expired

The server has moved on; the page needs a fresh start.